Map: Frost LE

Players

Gracz

  • Race: Terran Terran
  • League: Bronze

Saiko

  • Race: Protoss Protoss

HAJPER

  • Race: Terran Terran

VOD

Have the link to the VOD?

Description

Time

  • Played on: Sept. 17, 2016, 3:46 p.m.
  • Length: 12:05
Show
View Real Time Build Order
Export as new Build Order

Gracz Terran 

Build Orders: Mech 

Get SALT Encoding   

  12  0:01  SCV  
  13  0:14  SCV  
  14  0:21  Supply Depot  
  14  0:26  SCV  
  15  0:34  Refinery  
  15  0:43  SCV  
  15  0:49  Barracks  
  16  0:55  SCV  
  17  1:07  SCV  
  18  1:15  Supply Depot  
  18  1:19  SCV  
  19  1:25  Barracks  
  19  1:40  Supply Depot  
  19  1:43  Orbital Command  
  20  1:47  Reaper  
  20  2:08  Refinery  
  20  2:10  SCV  
  20  2:12  Reaper  
  22  2:19  Reaper  
  22  2:22  SCV  
  24  2:34  SCV  
  25  2:46  SCV  
  26  3:31  Command Center  
  26  3:32  Barracks, Barracks Reactor  
  26  3:33  Barracks Reactor  
  24  4:01  Barracks  
  24  4:04  Barracks  
  24  4:15  Factory  
  24  4:16  Factory  
  24  4:42  Barracks Tech Lab  
  24  4:43  Factory  
  24  4:48  Barracks Reactor  
  24  4:51  Barracks Tech Lab  
  24  4:56  SCV  
  24  4:57  SCV  
  26  5:08  SCV  
  26  5:09  SCV  
  28  5:15  Refinery  
  28  5:18  Refinery  
  28  5:20  SCV  
  29  5:22  Orbital Command  
  29  5:29  Factory Reactor, Factory Tech Lab x2  
  29  5:32  SCV  
  29  5:34  Starport  
  30  5:42  Starport  
  30  5:44  SCV  
  31  5:52  Marine x3  
  31  5:53  Marauder x2  
  31  5:54  Marine x3  
  41  6:10  Marine x3  
  44  6:12  Marine x3  
  44  6:13  Engineering Bay  
  44  6:14  Marauder  
  44  6:15  Engineering Bay, Marauder  
  44  6:18  Engineering Bay  
  51  6:20  Armory  
  51  6:26  Armory  
  51  6:32  SCV x2  
  53  6:44  SCV  
  54  6:47  Supply Depot  
  54  7:08  SCV x2  
  54  7:09  Marauder x2  
  54  7:12  Supply Depot  
  60  7:19  Supply Depot  
  60  7:20  SCV x2  
  62  7:24  Siege Tank  
  51  7:32  SCV  
  42  7:37  Marine  
  42  7:38  Marine x7  
  45  7:45  SCV  
  35  7:55  Marine  
  35  7:56  Marine x7  
  35  7:57  SCV  
  31  8:13  Marine x2  
  31  8:14  Marine x4  
  31  8:31  Marine x3  
  31  8:32  Siege Tank  
  29  8:52  Supply Depot  
  29  9:00  Barracks  
  29  9:15  Supply Depot  
  29  9:34  Starport Reactor x2  
  29  9:37  Bunker  
  29  9:44  Command Center  
  29  10:10  Medivac  
  31  10:35  Command Center  
  31  11:13  Marine  
  31  11:14  Marine x4  
  28  11:24  Marine  
  28  11:25  Marine  
  28  11:31  Marine x2  
  32  11:35  Marine  
Show
View Real Time Build Order
Export as new Build Order

Saiko Protoss 

Build Orders:  

Get SALT Encoding   

  12  0:15  Probe (Chrono Boost)  
  13  0:26  Probe (Chrono Boost)  
  13  0:27  Assimilator  
  14  0:31  Assimilator  
  14  0:37  Probe (Chrono Boost)  
  15  0:44  Pylon  
  15  1:02  Probe (Chrono Boost)  
  16  1:35  Probe (Chrono Boost)  
  17  1:45  Probe (Chrono Boost), Gateway  
  18  1:49  Forge  
  18  1:55  Pylon  
  18  1:56  Probe (Chrono Boost)  
  19  2:06  Probe (Chrono Boost)  
  20  2:17  Probe (Chrono Boost)  
  21  2:27  Probe (Chrono Boost)  
  22  2:38  Probe (Chrono Boost)  
  23  3:09  Cybernetics Core  
  23  3:42  Gateway  
  23  3:49  Gateway  
  23  4:00  Gateway  
  23  4:04  Stargate  
  23  4:09  Stargate  
  23  4:23  Probe (Chrono Boost)  
  24  4:30  Stalker  
  26  4:34  Probe (Chrono Boost)  
  26  4:36  Protoss Air Weapons Level 1  
  27  4:44  Probe (Chrono Boost)  
  28  4:55  Probe (Chrono Boost)  
  29  5:00  Stalker  
  31  5:19  Pylon  
  31  5:23  Pylon  
  31  5:33  Pylon  
  31  5:36  Stalker x2  
  31  5:37  Probe (Chrono Boost)  
  36  6:03  Void Ray  
  40  6:06  Stalker x2, Void Ray  
  48  6:36  Stalker x2  
  52  6:49  Nexus  
  52  7:06  Stalker  
  54  7:13  Probe (Chrono Boost)  
  55  7:43  Pylon  
  55  7:51  Pylon x2  
  55  8:00  Stalker  
  55  8:01  Probe (Chrono Boost)  
  55  8:03  Probe (Chrono Boost)  
  59  8:11  Probe (Chrono Boost)  
  60  8:13  Probe (Chrono Boost)  
  61  8:24  Probe (Chrono Boost)  
  62  8:28  Assimilator  
  62  8:34  Probe (Chrono Boost)  
  63  8:43  Stalker  
  63  8:45  Stalker, Probe (Chrono Boost)  
  69  8:55  Probe (Chrono Boost)  
  69  9:06  Probe (Chrono Boost)  
  70  9:13  Stalker  
  70  9:15  Stalker  
  70  9:17  Probe (Chrono Boost)  
  75  9:26  Void Ray  
  79  9:36  Probe (Chrono Boost)  
  80  9:43  Stalker  
  80  9:45  Stalker  
  84  9:46  Probe (Chrono Boost)  
  85  9:57  Assimilator  
  85  10:00  Void Ray  
  89  10:09  Void Ray  
  93  10:34  Stargate  
  93  10:46  Robotics Facility  
  93  11:21  Fleet Beacon  
  94  11:40  Observer  
Show
View Real Time Build Order
Export as new Build Order

HAJPER Terran 

Build Orders: MMM Bio 

Get SALT Encoding   

  12  0:01  SCV  
  13  0:14  Supply Depot  
  13  0:35  SCV  
  14  0:39  Barracks  
  14  0:40  Refinery  
  14  0:47  SCV  
  15  1:08  SCV  
  16  1:18  Barracks  
  16  1:20  SCV  
  17  1:31  Reaper  
  18  1:36  Orbital Command  
  18  1:42  Barracks  
  18  2:10  Barracks Reactor  
  18  2:11  Barracks Tech Lab  
  18  2:16  SCV  
  19  2:28  SCV  
  21  2:40  Marauder  
  21  2:44  Refinery  
  22  3:05  Marine  
  22  3:11  Marine, Supply Depot  
  22  3:12  Supply Depot  
  24  3:15  Supply Depot  
  24  3:16  Barracks Tech Lab  
  24  3:17  Marauder  
  26  3:23  Marine  
  27  3:29  Marine, SCV  
  29  3:39  Marauder  
  29  3:41  Marine, SCV  
  32  3:53  SCV  
  35  3:55  Marauder  
  35  4:00  Marauder  
  37  4:05  SCV  
  38  4:17  Marauder  
  40  4:38  Marauder  
  42  5:06  Marauder  
  44  5:09  Marine  
  44  5:10  Command Center  
  45  5:16  Stimpack  
  45  5:18  Marine  
  46  5:27  Marine  
  46  5:28  Marauder  
  49  5:35  Marine  
  49  5:36  Marine  
  51  5:49  Marauder  
  53  5:53  Combat Shields, Marine  
  53  5:54  Marine  
  55  6:04  Marauder  
  57  6:11  Marine, Marauder  
  59  6:12  Marine  
  61  6:22  SCV  
  62  6:29  Marine  
  62  6:30  Marine  
  62  6:31  Marauder  
  66  6:35  SCV  
  67  6:40  Marauder  
  67  6:47  Marine, SCV  
  71  6:59  SCV  
  74  7:08  Marauder  
  74  7:09  Marine x2  
  74  7:11  SCV  
  77  7:23  SCV  
  71  7:30  Marauder  
  71  7:35  SCV  
  72  7:51  Marauder  
  72  7:57  Marine x2  
  72  7:58  Factory  
  74  7:59  Marauder  
  66  8:15  Marine x2  
  59  8:20  Marauder  
  54  8:33  Marine  
  47  8:42  Marauder  
  47  8:47  Marine  
  50  8:49  Starport, Marauder  
  50  8:51  Marine, SCV  
  54  8:59  Refinery  
  54  9:01  Refinery  
  54  9:03  Hellion, SCV, Marauder  
  59  9:10  Marine  
  59  9:11  Marine, Marauder  
  59  9:15  SCV  
  64  9:24  Hellion, Marauder  
  64  9:27  SCV  
  64  9:28  Marine x2  
  71  9:32  Medivac, Marauder  
  75  9:39  SCV  
  76  9:46  Marine x2  
  76  9:50  Ghost Academy  
  78  9:59  Marauder  
  80  10:00  Supply Depot  
  80  10:02  Medivac, Supply Depot  
  80  10:04  Marine x2  
  84  10:19  Factory Tech Lab  
  84  10:22  Marine  
  85  10:36  SCV  
  86  10:48  SCV  
  87  11:00  SCV  
  87  11:03  Marine x2  
  90  11:05  Marauder  
  90  11:06  Marauder  
  90  11:20  Marine  
  90  11:21  Marine  
  92  11:26  Marauder  
  92  11:27  Marauder  
  96  11:38  Marine x2  
Tags
 
Add a new tag
Caveats
  • Supply blocks, unpowered buildings, or Contaminate may cause inaccurate times.
  • Supply counts are checked every 10 seconds.